 Dungeon Crawl Stone Soup version 0.22.1-2-g9c5b331 (webtiles) character file.

53 SilentRunner the Cudgeler (level 3, -1/30 HPs)
             Began as a Centaur Gladiator on Dec 16, 2018.
             Killed from afar by Natasha (4 damage)
             ... with a magic dart
             ... on level 2 of the Dungeon.
             The game lasted 00:33:04 (1500 turns).

SilentRunner the Cudgeler (Centaur Gladiator)       Turns: 1500, Time: 00:33:04

Health: -1/30      AC:  6    Str: 17    XL:     3   Next: 64%
Magic:  3/3        EV:  9    Int: 12    God:
Gold:   22         SH:  0    Dex: 10    Spells: 2/2 levels left

rFire    . . .     SeeInvis .   a - +0 flail
rCold    . . .     Gourm    .   (no shield)
rNeg     . . .     Faith    .   q - +0 ring mail
rPois    .         Spirit   .   c - +0 helmet
rElec    .         Reflect  .   (no cloak)
rCorr    .         Harm     .   (no gloves)
MR       .....                  (no barding)
Stlth    ..........             (no amulet)
HPRegen  0.10/turn              (no ring)
MPRegen  0.08/turn              (no ring)

@: brilliant, about to teleport, very slightly contaminated, invisible, very
quick
A: large, hooves 3, deformed body, speed 2, tough skin 3
a: no special abilities


You were on level 2 of the Dungeon.
You were not hungry.

You visited 1 branch of the dungeon, and saw 2 of its levels.

You collected 22 gold pieces.

Inventory:

Hand Weapons
 a - a +0 flail (weapon)
 e - a +0 club
 h - a +0 whip
 i - a +0 club
 m - a +0 club
 n - a +0 dagger
 o - a +0 short sword
 p - a +0 whip
 v - a +0 hand axe
 w - a +0 dagger
Missiles
 d - 2 throwing nets
 j - 14 stones (quivered)
 l - 26 arrows
Armour
 b - a +0 leather armour
 c - a +0 helmet (worn)
 k - a +0 ring mail
 q - a +0 ring mail (worn)
Comestibles
 f - 4 rations
 r - 8 chunks of flesh {Hi I'm dead}


   Skills:
 * Level 2.4 Fighting
 * Level 3.5 Maces & Flails
 + Level 2.7 Throwing
 + Level 2.4 Dodging


You had 2 spell levels left.
You didn't know any spells.
Your spell library was empty.

Dungeon Overview and Level Annotations

Branches:
Dungeon (2/15)

Altars:

Annotations:
D:2 Natasha, Terence


Innate Abilities, Weirdness & Mutations

You have hooves in place of feet.
Armour fits poorly on your strangely shaped body.
You cover ground very quickly.
You have extremely tough skin. (AC +3)


Message History

Natasha is heavily wounded.
Natasha drinks a potion.
Natasha is healed!
Terence hits you with a flail!
* * * LOW HITPOINT WARNING * * *
It was a potion of brilliance.
You feel clever all of a sudden. Natasha closely misses you.
Terence closely misses you.
It was a potion of invisibility.
You fade into invisibility!
Natasha claws you but does no damage. Terence completely misses you.
You are very lightly contaminated with residual magic.
As you read the scroll labeled KOEP HEIRREA, it crumbles to dust.
It is a scroll of identify.
v - a +0 hand axe Natasha misses you.
As you read the scroll labeled ASTOHEPLEI, it crumbles to dust.
You feel strangely unstable.
It was a scroll of teleportation.
Terence hits you but does no damage.
Natasha stares at you and mumbles some strange words.
The magic dart hits you!
You die...

#.# #.# #.#
#.####### #........
#.####### #.# ### #
###.####.####.#
#####......h@@.(..#
........##.#####..#
#.###.###.## .....
#.##.# .......
#.#.# ###.### #..#
... #.# .## #.# #
#..


You could see Terence and Natasha.

Vanquished Creatures
  An adder (D:2)
  An ooze (D:2)
  A worm (D:2)
  A dart slug (D:2)
  A leopard gecko (D:2)
  A ball python (D:1)
  4 bats
  4 goblins
  3 hobgoblins
  3 jackals (D:2)
  3 kobolds
  A quokka (D:2)
  3 frilled lizards
  5 rats
32 creatures vanquished.

Notes
Turn   | Place    | Note
-------+----------+-------------------------------------------
     0 | D:1      | SilentRunner the Centaur Gladiator began the quest for the
                  | Orb.
     0 | D:1      | Reached XP level 1. HP: 17/17 MP: 1/1
   507 | D:1      | Reached XP level 2. HP: 24/24 MP: 2/2
   701 | D:1      | Reached skill level 3 in Maces & Flails
  1239 | D:2      | Reached XP level 3. HP: 25/30 MP: 3/3
  1474 | D:2      | Noticed Natasha
  1486 | D:2      | Noticed Terence
  1500 | D:2      | Killed from afar by Natasha

Skill      XL: |  1  2 |
---------------+-------+-----
Maces & Flails | 3 |  3.5
Fighting       | |  2.4
Throwing       | |  2.7
Dodging        | |  2.4

Action                   || total
-------------------------++-------
Melee: Club              ||    15
       Flail             ||    71
       Kick              ||    13
Throw: Stone             ||    77
       Throwing net      ||     1
  Use: Scroll            ||     2
       Potion            ||     2
  Eat: Chunk             ||     1
Armor: Leather armour    ||     6
       Ring mail         ||    39
Dodge: Dodged            ||    35
